 Dungeon Crawl Stone Soup version 0.21-a0-142-gdd972a7 (webtiles) character file.

501 tilp the Firebug (level 7, -6/50 HPs)
             Began as a Hill Orc Fire Elementalist on July 22, 2017.
             Mangled by Prince Ribbit (20 damage)
             ... on level 5 of the Dungeon.
             The game lasted 00:12:40 (5276 turns).

tilp the Firebug (Hill Orc Fire Elementalist)       Turns: 5276, Time: 00:12:41

Health: -6/50      AC:  2    Str: 11    XL:     7   Next: 17%
Magic:  6/10       EV: 12    Int: 17    God:
Gold:   281        SH:  0    Dex: 11    Spells: 4/10 levels left

rFire    . . .     SeeInvis .   w - +5 hand axe (elec)
rCold    . . .     Gourm    .   (no shield)
rNeg     . . .     Faith    .   a - +0 robe
rPois    .         Spirit   .   (no helmet)
rElec    .         Reflect  .   (no cloak)
rCorr    .         Harm     .   (no gloves)
MR       .....                  (no boots)
Stlth    ++........             (no amulet)
HPRegen  0.16/turn              (no ring)
MPRegen  0.12/turn              (no ring)

@: no status effects
A: no striking features
a: no special abilities


You were on level 5 of the Dungeon.
You were not hungry.

You visited 1 branch of the dungeon, and saw 5 of its levels.

You collected 281 gold pieces.

Inventory:

Hand Weapons
 w - a +5 hand axe of electrocution (weapon)
 F - a +2 spear of piercing
Missiles
 e - 183 stones
 v - 4 tomahawks (quivered)
Armour
 a - a +0 robe (worn)
 l - a +0 large shield
Magical Staves
 x - an uncursed staff of poison
Jewellery
 i - a +4 ring of evasion {unknown}
 s - an uncursed amulet of guardian spirit {unknown}
Wands
 y - a wand of polymorph (13/24)
 C - a wand of random effects (32/48)
Scrolls
 j - 3 scrolls of remove curse
 m - 4 scrolls of teleportation
 t - a scroll of random uselessness {unknown}
 u - a scroll of blinking {unknown}
 E - a scroll of fog {unknown}
Potions
 d - 2 potions of magic {unknown}
 f - a potion of resistance {unknown}
 k - a potion of berserk rage {unknown}
 n - 2 potions of curing {unknown}
 q - 3 potions of might {unknown}
 r - a potion of brilliance {unknown}
 z - a potion of invisibility {unknown}
 B - a potion of flight {unknown}
Books
 b - a book of Flames

   Spells                             Type                      Level
   a - Flame Tongue                   Conjuration/Fire             1
   b - Throw Flame                    Conjuration/Fire             2
   c - Conjure Flame                  Conjuration/Fire             3
   d - Inner Flame                    Hexes/Fire                   3
   e - Sticky Flame                   Conjuration/Fire             4
   f - Fireball                       Conjuration/Fire             5
Comestibles
 c - 3 bread rations
 p - 2 meat rations
 D - a fruit


   Skills:
 - Level 1.5 Dodging
 - Level 1.5 Stealth
 - Level 2.1 Spellcasting
 + Level 5.3 Conjurations
 * Level 6.0 Fire Magic


You had 4 spell levels left.
You knew the following spells:

 Your Spells              Type           Power        Failure   Level  Hunger
a - Flame Tongue          Conj/Fire      ###..        1%          1    #......
b - Throw Flame           Conj/Fire      ###...       2%          2    ###....
c - Conjure Flame         Conj/Fire      ###.....     5%          3    ###....


Dungeon Overview and Level Annotations

Branches:
Dungeon (5/15)
 Temple: D:4-7

Altars:
Dithmenos
Elyvilon
Gozag
Qazlal
Trog
Wu Jian
Xom
Zin

Annotations:
D:5 Prince Ribbit


Message History

Aim: Prince Ribbit The flame tongue hits Prince Ribbit.
Prince Ribbit is lightly wounded.
Prince Ribbit blinks!
Casting: Flame Tongue
Confirm with . or Enter, or press ? or * to list all spells.
Aiming: Flame Tongue
Press: ? - help, Shift-Dir - straight line, f/p - Prince Ribbit
Aim: Prince Ribbit (lightly wounded)
The flame tongue misses Prince Ribbit.
Casting: Flame Tongue
Confirm with . or Enter, or press ? or * to list all spells.
Aiming: Flame Tongue
Press: ? - help, Shift-Dir - straight line, f/p - Prince Ribbit
Aim: Prince Ribbit (lightly wounded)
The flame tongue misses Prince Ribbit.
Prince Ribbit hits you!! Prince Ribbit hits you! x2
* * * LOW HITPOINT WARNING * * *
You miss Prince Ribbit. Prince Ribbit hits you!!
You die...

.. ... .. .# #. #.#
#.## #.# #..# #.#
#.###.##
#.#####..#...#
#......@F....#
#######..#...####.#
#...........#
#.<########## #..#
#..# #..# #..# #..#


You could see Prince Ribbit.

Vanquished Creatures
  2 ogres
  2 orc wizards (D:4)
  3 worker ants (D:4)
  2 hound skeletons (D:4)
  3 gnolls (D:4)
  6 adders
  An ooze (D:2)
  4 worms
  A dart slug (D:4)
  4 leopard geckos
  5 orcs
  4 bats
  A giant cockroach (D:3)
  8 goblins
  6 hobgoblins
  3 jackals (D:3)
  2 quokkas
  2 ball pythons
  6 frilled lizards
  12 kobolds
  A leopard gecko skeleton (D:5)
  12 rats
90 creatures vanquished.

Notes
Turn   | Place    | Note
-------+----------+-------------------------------------------
     0 | D:1      | tilp the Hill Orc Fire Elementalist began the quest for the Orb.
     0 | D:1      | Reached XP level 1. HP: 14/14 MP: 3/3
   267 | D:1      | Reached XP level 2. HP: 5/20 MP: 3/5
  1219 | D:1      | Reached XP level 3. HP: 26/26 MP: 4/6
  1223 | D:1      | Learned a level 2 spell: Throw Flame
  1227 | D:1      | Learned a level 3 spell: Conjure Flame
  1961 | D:2      | Found a glowing silver altar of Zin.
  2214 | D:3      | Reached XP level 4. HP: 29/33 MP: 5/7
  2717 | D:3      | Reached skill level 4 in Fire Magic
  2761 | D:3      | Noticed an ogre
  2840 | D:3      | Killed an ogre
  2840 | D:3      | Reached XP level 5. HP: 38/38 MP: 0/8
  3366 | D:3      | Noticed a moth of wrath
  3369 | D:3      | Found a bloodstained altar of Trog.
  3595 | D:4      | Reached skill level 5 in Fire Magic
  3652 | D:4      | Reached XP level 6. HP: 30/45 MP: 5/9
  3821 | D:4      | Found an ornate altar of the Wu Jian Council.
  3821 | D:4      | Found a shadowy altar of Dithmenos.
  3821 | D:4      | Found an opulent altar of Gozag.
  3821 | D:4      | Found a white marble altar of Elyvilon.
  4115 | D:4      | Found a stormy altar of Qazlal.
  4142 | D:4      | Reached skill level 5 in Conjurations
  4821 | D:4      | Reached XP level 7. HP: 50/50 MP: 2/10
  4842 | D:4      | Found a shimmering altar of Xom.
  5125 | D:4      | Reached skill level 6 in Fire Magic
  5263 | D:5      | Entered Level 5 of the Dungeon
  5270 | D:5      | Noticed Prince Ribbit
  5276 | D:5      | Mangled by Prince Ribbit

Vault maps used:
D:1:      scummos_arrival_simple_crosswalls
D:2:      lemuel_coloured_pillars_altar, kennysheep_generic_room_8
D:3:      first_bread, tgw_trog
D:4:      grunt_qazlal_sundering, grunt_temple_overflow_open,
          grunt_ministairs_7, lemuel_statue_altar
D:5:      minmay_temple_entry_glass, kennysheep_generic_room_9,
          uniq_prince_ribbit1

Skill      XL: |  1  2  3  4  5  6  7 |
---------------+----------------------+-----
Spellcasting   | 2 |  2.1
Conjurations   | 2 3 4 5 |  5.3
Fire Magic     | 4 5 6 |  6.0
Dodging        | |  1.5
Stealth        | |  1.5

Action                   |  1- 3 |  4- 6 |  7- 9 || total
-------------------------+-------+-------+-------++-------
Melee: Whip              |     6 |       |       ||     6
       Hand axe          |    42 |    67 |     8 ||   117
       Dagger            |     8 |       |       ||     8
       Club              |     3 |       |       ||     3
Throw: Stone             |     6 |       |       ||     6
 Cast: Flame Tongue      |    39 |    62 |    17 ||   118
       Throw Flame       |     2 |    11 |       ||    13
       Conjure Flame     |       |     2 |     3 ||     5
  Use: Scroll            |       |     2 |     4 ||     6
 Stab: Distracted        |     1 |       |       ||     1
       Sleeping          |       |     2 |       ||     2
  Eat: Chunk             |     5 |     8 |     2 ||    15
       Royal jelly       |       |     1 |       ||     1
Armor: Robe              |    10 |    10 |     1 ||    21
Dodge: Dodged            |    61 |    64 |     4 ||   129
